 Dungeon Crawl Stone Soup version 0.30-a0-165-g1891117ce2 (webtiles) character file.

Game seed: 9349733203339852013

27 spaghetti the Trooper (level 2, -1/24 HPs)
             Began as a Mummy Berserker on Sept 28, 2022.
             Was a Follower of Trog.
             Slain by a goblin
             ... wielding a +0 club
             ... led by Robin
              (2 damage)
             ... on level 1 of the Dungeon.
             The game lasted 00:01:15 (1817 turns).

spaghetti the Trooper (Mummy Berserker)             Turns: 1817, Time: 00:01:16

Health: -1/24      AC:  2    Str: 20    XL:     2   Next: 93%
Magic:  2/2        EV:  9    Int:  6    God:    Trog [*.....]
Gold:   81         SH:  0    Dex: 11    Spells: 1/1 levels left

rFire   x . .      SeeInvis .    a - +0 mace {mace}
rCold   + . .      Faith    +    (no shield)
rNeg    + + +      Spirit   .    b - +0 animal skin
rPois   ∞          Reflect  .    (no helmet)
rElec   .          Harm     .    (no cloak)
rCorr   .          Rampage  .    (no gloves)
Will    .....                    (no boots)
Stlth   +.........               (no amulet)
HPRegen 0.08/turn                (no ring)
MPRegen 0.08/turn                (no ring)

@: constricted
A: cold resistance 1, negative energy resistance 3, torment resistance 2, heat
vulnerability 1, no potions, faith
a: Renounce Religion


You were on level 1 of the Dungeon.
You worshipped Trog.
Trog was aware of your devotion.
You visited 1 branch of the dungeon, and saw 2 of its levels.

You collected 81 gold pieces.


Innate Abilities, Weirdness & Mutations

You are immune to poison.
Your flesh is cold resistant. (rC+)
You are immune to negative energy. (rN+++)
You are immune to unholy pain and torment.
You are vulnerable to heat. (rF-)
You do not drink.
You have a special connection with the divine. (Faith)


   Skills:
 + Level 3.3 Fighting
 * Level 3.0 Maces & Flails
 + Level 1.9 Armour
 - Level 1.5 Dodging


You had one spell level left.
You didn't know any spells.
Your spell library was empty.

Inventory:

Hand Weapons
 a - a +0 mace (weapon) {mace}
Missiles
 h - 10 stones (quivered) {throwing}
 i - 3 javelins {throwing}
Armour
 b - a +0 animal skin (worn)
Magical Staves
 j - a staff of poison {forbidden!astaff}
   (You found it on level 1 of the Dungeon)
Scrolls
 c - a scroll of enchant armour {unknown}
 e - 2 scrolls of torment {unknown}
 f - a scroll of noise {unknown}
 g - a scroll of teleportation {unknown}

Dungeon Overview and Level Annotations

Branches:
Dungeon (2/15) Zot: 10138

Altars:

Annotations:
D:2 Robin

#.)##.#.##.......##.........#
....#...##.......#........^.#
##..#..............##########
~#..#.#.#................#
##..#.#.#................########
##.)#.#.##....##.................
#...#.#.##.##.##..##.############
.#.##.#.##.##..S)g##.# #
......#.##...##g@)...# #
....###.##...##.g)...# #
........##...##......#
....######...##......#
...........#########.#
....############## #.#
.................# #.#
################.###.# ..#
#.....#


You could see a hobgoblin (strong), 2 goblins and a ball python.


Message History

* * * LOW HITPOINT WARNING * * *
The hobgoblin barely misses you.
You climb upwards.
There is a stone staircase leading down here. 😨 HP[-4]
You take 4 damage, and now have 11/24 hp.
Unknown command.
Unknown command.
You hit the hobgoblin but do no damage. The goblin hits you with a +0 club.
* * * LOW HITPOINT WARNING * * *
The goblin misses you. The hobgoblin hits you.
* * * LOW HITPOINT WARNING * * *
😱 HP[-6]
You take 6 damage, and now have 5/24 hp.
MASSIVE DAMAGE!! (PAUSE) Unknown command.
You sock the hobgoblin!
You kill the hobgoblin!
Trog accepts your kill. The goblin hits you but does no damage.
The goblin barely misses you. x2
The goblin closely misses you.
You sock the goblin!
You kill the goblin!
Trog accepts your kill. The goblin hits you with a +0 club.
* * * LOW HITPOINT WARNING * * *
😱 HP[-3]
You take 3 damage, and now have 2/24 hp.
You sock the goblin!
You kill the goblin!
Trog accepts your kill.
Your Maces & Flails skill increases to level 3!
You start resting. 😎 HP[+22]
Your hp is fully restored (24).
You see here a hobgoblin skeleton.
There is a stone staircase leading down here.
Things that are here:
a +0 club {mace}; a goblin skeleton
Things that are here:
a +0 club {mace}; a goblin skeleton
There is a stone staircase leading down here.
You start waiting.
Done waiting.
You climb downwards.
Level annotation: Robin The hobgoblin barely misses you.
The goblin closely misses you.
Robin roars a battlecry!
The goblins go into a battle-frenzy!
The goblin hits you with a +0 club.
The ball python bites you but does no damage.
The ball python closely misses you. The hobgoblin barely misses you.
The goblin barely misses you. The goblin hits you but does no damage.
There is a stone staircase leading up here. 😕 HP[-3]
You take 3 damage, and now have 21/24 hp.
The ball python closely misses you. The ball python barely misses you.
The hobgoblin barely misses you. The goblin hits you but does no damage.
The goblin hits you with a +0 dagger. The goblin hits you with a +0 club.
You climb upwards.
There is a stone staircase leading down here. 😮 HP[-6]
You take 6 damage, and now have 15/24 hp.
MASSIVE DAMAGE!! (PAUSE) Unknown command.
You barely miss the goblin. The ball python bites you.
The ball python grabs you. The ball python constricts you.
The goblin hits you with a +0 club.
* * * LOW HITPOINT WARNING * * *
The goblin barely misses you. The hobgoblin hits you.
* * * LOW HITPOINT WARNING * * *
😨 HP[-7]
You take 7 damage, and now have 8/24 hp.
MASSIVE DAMAGE!! (PAUSE)
You hit the goblin. The ball python barely misses you.
The ball python constricts you.
* * * LOW HITPOINT WARNING * * *
The goblin hits you but does no damage. The hobgoblin hits you.
* * * LOW HITPOINT WARNING * * *
The goblin hits you but does no damage. The goblin closely misses you.
The ball python barely misses you.
The ball python constricts you. 😱 HP[-3]
You take 3 damage, and now have 5/24 hp.
Unknown command.
You sock the goblin!
You kill the goblin!
Trog accepts your kill. The goblin barely misses you.
The goblin closely misses you. The hobgoblin barely misses you.
The ball python bites you.
* * * LOW HITPOINT WARNING * * *
The ball python constricts you.
* * * LOW HITPOINT WARNING * * *
😱 HP[-4]
You take 4 damage, and now have 1/24 hp.
Unknown command.
As you read the scroll labelled GYLEGY HONID, it crumbles to dust.
You feel momentarily disoriented.
It was a scroll of magic mapping.
The ball python misses you. The ball python constricts you.
The goblin hits you with a +0 club.
You die...

Skill      XL: |  1  2 |
---------------+-------+-----
Maces & Flails | 3 |  3.0
Fighting       | |  3.3
Armour         | |  1.9
Dodging        | |  1.5

Action                   || total
-------------------------++-------
Melee: Mace              ||    53
  Use: Scroll            ||     1
 Stab: Sleeping          ||     2
Armor: Animal skin       ||    12
Dodge: Dodged            ||    57

Levels and vault maps discovered:
D:1:      psy_arrival_statuary, layout_basic, chequers_serial_rivers_large_b,
          chequers_serial_rivers_micro_a, chequers_mini_garden
D:2:      layout_basic, minmay_pentomino_u2, uniq_sigmund, uniq_jessica,
          uniq_natasha, uniq_robin

Notes
Turn   | Place    | Note
-------+----------+-------------------------------------------
     0 | D:1      | spaghetti the Mummy Berserker began the quest for the Orb.
     0 | D:1      | Reached XP level 1. HP: 18/18 MP: 1/1
     0 | D:1      | magus.rc [v1.9.6]
   188 | D:1      | Reached XP level 2. HP: 24/24 MP: 2/2
   200 | D:1      | HP: 6/24 [quokka (3)]
  1427 | D:2      | Identified the +3 helmet of Fortitude {Rampage Will+ Regen+
                  | Int+2}
  1427 | D:2      | Noticed Robin
  1435 | D:1      | HP: 5/24 [hobgoblin[Robin] (2)]
  1437 | D:1      | HP: 2/24 [goblin/+0 club[Robin] (3)]
  1439 | D:1      | Reached skill level 3 in Maces & Flails
  1815 | D:1      | HP: 5/24 [hobgoblin[Robin] (3)]
  1816 | D:1      | HP: 2/24 [ball python (3)]
  1817 | D:1      | Slain by a goblin

Vanquished Creatures
  A dart slug (D:1)
  3 bats (D:1)
  2 endoplasms (D:1)
  2 hobgoblins (D:1)
  2 kobolds (D:1)
  A quokka (D:1)
  2 ball pythons (D:1)
  A frilled lizard (D:1)
  5 goblins (D:1)
  3 rats (D:1)
22 creatures vanquished.

Table legend:
 A = Non-vault XP
 B = Vault XP
 C = Vault XP percentage of total XP
 D = Non-vault monster count
 E = Vault monster count
 F = Vault count percentage of total count
                 A         B        C        D         E       F
            +---------+---------+-------+---------+---------+-------
      Total |      31 |       8 |  20.5 |      18 |       4 |  18.2
            +---------+---------+-------+---------+---------+-------
        D:1 |      31 |       8 |  20.5 |      18 |       4 |  18.2
            +---------+---------+-------+---------+---------+-------

Illustrated notes

Table legend:
 A = Kills in this place as a percentage of kills in entire the game.
 B = Kills by you in this place as a percentage of kills by you in the entire game.
 C = Kills by friends in this place as a percentage of kills by friends in the entire game.
 D = Other kills in this place as a percentage of other kills in the entire game.
 E = Experience gained in this place as a percentage of experience gained in the entire game.
 F = Experience gained in this place divided by the number of levels of this place that you have seen.
                   A       B       C       D       E      F
               +-------+-------+-------+-------+-------+----------------------
         Total | 100.0 | 100.0 |   N/A |   N/A | 100.0 |  19.5
       Dungeon | 100.0 | 100.0 |   N/A |   N/A | 100.0 |  19.5
               +-------+-------+-------+-------+-------+----------------------

Table legend: (Time is in decaauts)
 A = Elapsed time spent in this place.
 B = Non-inter-level travel time spent in this place.
 C = Inter-level travel time spent in this place.
 D = Time resting spent in this place.
 E = Time spent auto-exploring this place.
 F = Levels seen in this place.
 G = Mean time per level.
                   A        B        C        D        E       F      G
               +--------+--------+--------+--------+--------+-----+--------+
         Total |   1860 |   1837 |     23 |    366 |   1309 |   2 |  930.0 |
       Dungeon |   1860 |   1837 |     23 |    366 |   1309 |   2 |  930.0 |
               +--------+--------+--------+--------+--------+-----+--------+

Top non-repeatable levels by time:
     D:1: 1840 daAuts
     D:2: 19 daAuts
